 Dungeon Crawl Stone Soup version 0.19.4-8-ga85b6b9 (webtiles) character file.

107 Jerry the Chopper (level 4, 11/40 HPs)
             Began as a Hill Orc Fighter on Feb 12, 2017.
             Quit the game on level 2 of the Dungeon.
             The game lasted 00:05:49 (2818 turns).

Jerry the Chopper (Hill Orc Fighter)                Turns: 2818, Time: 00:05:50

Health: 11/40      AC: 10    Str: 19    XL:     4   Next: 86%
Magic:  4/4        EV:  9    Int:  8    God:
Gold:   150        SH:  0    Dex: 10    Spells: 0 memorised, 3 levels left

rFire  . . .     SeeInvis .     s - -3 halberd (curse)
rCold  . . .     Gourm    .     b - +0 scale mail
rNeg   . . .     Faith    .     (shield currently unavailable)
rPois  .         Spirit   .     (no helmet)
rElec  .         Reflect  .     n - +2 cloak
rCorr  +         Harm     .     (no gloves)
MR     +....                    (no boots)
Stlth  ..........               (no amulet)
                                r - ring of resist corrosion
                                g - ring of protection from magic

@: lethally poisoned (11 -> -4)
A: no striking features
a: no special abilities


You were on level 2 of the Dungeon.
You were not hungry.

You visited 1 branch of the dungeon, and saw 2 of its levels.

You collected 150 gold pieces.

Inventory:

Hand Weapons
 a - a +0 war axe
 s - a cursed -3 halberd (weapon)
Armour
 b - a +0 scale mail (worn)
 c - a +0 shield
 n - a +2 cloak (worn)
Jewellery
 g - a ring of protection from magic (left hand)
 r - a ring of resist corrosion (right hand)
Scrolls
 e - a scroll of identify
Potions
 d - a potion of might
 l - 2 potions of curing
Comestibles
 f - 4 bread rations
 j - 3 slices of pizza


   Skills:
 + Level 4.2 Fighting
 * Level 4.3 Axes
 + Level 4.0 Armour
 + Level 4.1 Shields


You had 3 spell levels left.
You didn't know any spells.

Dungeon Overview and Level Annotations

Branches:
Dungeon (2/15)

Altars:


Message History

You closely miss the adder.
The adder is severely wounded.
You feel sick. The adder bites you.
You are more poisoned.
The adder poisons you! The adder bites you but does no damage.
You closely miss the adder.
The adder is severely wounded.
You feel sick. The adder bites you.
You are lethally poisoned!
The adder poisons you! The adder closely misses you.
You miss the adder.
The adder is severely wounded.
* * * LOW HITPOINT WARNING * * *
You feel sick. The adder barely misses you.
The adder bites you but does no damage.
You are too injured to fight recklessly!
You are too injured to fight recklessly!
You are too injured to fight recklessly!
You are too injured to fight recklessly!
Are you sure you want to abandon this character and quit the game? (Confirm with "yes".)

................ #..........>##..
............###.##...............
.........>..# ...##.........#...
...........## ##..#.........#...
....<.g...### ###.#.........##..
.........(..####.............##..
.##.....###......#............#..
.##.#...# ##.#.#####.#######....#
....###.# #.#..@Sl#....## #.#..#
#.#####.####.#####.......###.#..#
#.##.........# ##.......##.....
#......####### #.....).#......
..#....# #.....?.#..[#.. .......#
##.....##...(..
.......#############..........#.#
..........................###.#.#
...(...S.##########.......###.#.#


You could see an adder and a leopard gecko.

Vanquished Creatures
  2 adders (D:2)
  3 gnolls
  A worm (D:2)
  3 leopard geckos
  10 bats
  5 giant cockroaches
  6 goblins
  8 hobgoblins
  3 kobolds (D:1)
  A quokka (D:2)
  A ball python (D:2)
  4 frilled lizards
  6 rats (D:2)
53 creatures vanquished.

Notes
Turn   | Place    | Note
-------+----------+-------------------------------------------
     0 | D:1      | Jerry the Hill Orc Fighter began the quest for the Orb.
     0 | D:1      | Reached XP level 1. HP: 19/19 MP: 1/1
    54 | D:1      | Reached XP level 2. HP: 23/27 MP: 2/2
   791 | D:1      | Reached XP level 3. HP: 33/33 MP: 3/3
  1514 | D:1      | Reached XP level 4. HP: 7/40 MP: 4/4
  2818 | D:2      | Quit the game

Skill      XL: |  1  2  3  4 |
---------------+-------------+-----
Axes           | 3 4 |  4.3
Fighting       | 4 |  4.2
Shields        | 4 |  4.1
Armour         | 4 |  4.0

Action                   |  1- 3 |  4- 6 || total
-------------------------+-------+-------++-------
Melee: War axe           |    99 |     6 ||   105
       Halberd           |       |   224 ||   224
  Use: Scroll            |       |     6 ||     6
  Eat: Chunk             |     2 |     5 ||     7
Armor: Scale mail        |    44 |   182 ||   226
Dodge: Dodged            |    50 |   176 ||   226
Block: Shield            |    16 |       ||    16
       Buckler           |     7 |       ||     7
